[Event "*** Titled Tuesday Blitz"]
[Site "Chess.com"]
[Date "2020.05.12"]
[Round "4"]
[White "Norival"]
[Black "zubridis"]
[Result "1-0"]
[WhiteElo "2671"]
[BlackElo "2470"]
[TimeControl "180+1"]
[EndTime "10:39:13 PDT"]
[Termination "Norival won on time"]

1. d4 Nf6 2. Nf3 c5 3. d5 b5 4.
c4 Qa5+ 5. Bd2 b4 6. g3 e6 7.
dxe6 dxe6 8. Bg2 Bb7 9. O-O Be7 10. Bf4 O-O 11. Nbd2 Rd8 12. a3 Qb6 13. axb4 cxb4 14. Be3 Qc7 15. Qa4 Nbd7 16. Qa5 Qc8 17. h3 Bc5 18.
Bxc5 Qxc5 19. Rfc1 Qxa5 20. Rxa5 a6 21. Nb3 Rac8 22.
Ra4 Bxf3 23. Bxf3 Ne5 24. Rxb4 Nxf3+ 25. exf3 Rd3 26. Kg2 h5 27. Rc2 Nd7 28. c5 Ne5 29. f4 Nc6 30. Rb6 a5 31. Rxc6 Rxc6 32. Nxa5 Rc8 33.
b4 Rd4 34. Rb2 Rc7 35. c6 Rd5 36. b5 Rc8 37. b6 Rxa5 38. b7 Raa8 39. c7 Kf8 40.
bxc8=Q+ Rxc8 41. Rb8 1-0

[Event "*** Titled Tuesday Blitz"]
[Site "Chess.com"]
[Date "2020.05.12"]
[Round "4"]
[White "mariangie523"]
[Black "zala02"]
[Result "0-1"]
[WhiteElo "2044"]
[BlackElo "2250"]
[TimeControl "180+1"]
[EndTime "10:39:13 PDT"]
[Termination "zala02 won by checkmate"]

1. e4 c5 2. Nf3 Nc6 3. d4 cxd4 4. Nxd4 Nf6 5. f3 e5 6. Nb5 d6 7. c4 a6 8. N5a3 Be7 9. Nc3 Be6 10. Be3 O-O 11.
Be2 Nd7 12. Qd2 Rc8 13. Nc2 f5 14. exf5 Bxf5 15. O-O Kh8 16. Rad1 Nf6 17. Rfe1 Qd7 18. Na4 Rcd8 19. Bb6 Rde8 20. Qe3 Qe6 21. Qd2 Qf7 22.
Nc3 Be6 23. Ne3 Nh5 24. Ned5 Nf4 25. Nxf4 exf4 26. Nd5 Bxd5 27. Qxd5 Qxd5 28. Rxd5 Rf6 29. Bd3 Ne5 30. Bc2 Bf8 31. h3 Rc8 32. b3 g6 33. Bd4 Kg8 34. Bxe5 dxe5 35. Rexe5 b6 36.
Be4 Bc5+ 37. Kh2 a5 38. Bc2 Rff8 39. Rd3 Rcd8 40. Red5 Rxd5 41. Rxd5 Re8 42. h4 Re1 43. Be4 Bf2 44. Kh3 h5 45. Bxg6 Rh1# 0-1

[Event "*** Titled Tuesday Blitz"]
[Site "Chess.com"]
[Date "2020.05.12"]
[Round "4"]
[White "Zubrrr"]
[Black "AndriiTop"]
[Result "0-1"]
[WhiteElo "2639"]
[BlackElo "2369"]
[TimeControl "180+1"]
[EndTime "10:39:14 PDT"]
[Termination "AndriiTop won by resignation"]

1. d4 Nf6 2. c4 e6 3. g3 d5 4. Nf3 dxc4 5. Bg2 a6 6. Ne5 Bb4+ 7. Nc3 Nd5 8. Bd2 Nb6 9. a3 Bxc3 10. bxc3 N8d7 11. Nf3 O-O 12. O-O Nf6 13. Qc2 Bd7 14. Ne5 Ba4 15. Qb1 Qc8 16. f4 Rd8 17. f5 exf5 18. Rxf5 Bd7 19. Rf1 Re8 20. e4 Be6 21. Qc2 c5 22. Rab1 Nbd7 23. Nxd7 Qxd7 24. d5 Bh3 25.
Rf4 Bxg2 26. Kxg2 Ng4 27. Rbf1 Ne5 28. Be3 Rac8 29. Qe2 f6 30. Qh5 Qf7 31. Qh3 Qd7 32.
Rf5 Ng6 33. Qg4 Re7 34. h4 Rce8 35. h5 Rxe4 36. Bf4 Nxf4+ 37. gxf4 Re2+ 38. Kg1 R2e3 39. Kh2 Re2+ 40. Kh3 R8e3+ 41. Kh4 Rh2+ 0-1

[Event "*** Titled Tuesday Blitz"]
[Site "Chess.com"]
[Date "2020.05.12"]
[Round "4"]
[White "Nastya_Rakhmangulova"]
[Black "atalz0"]
[Result "1-0"]
[WhiteElo "2291"]
[BlackElo "2435"]
[TimeControl "180+1"]
[EndTime "10:39:14 PDT"]
[Termination "Nastya_Rakhmangulova won on time"]

1. e4 d5 2. exd5 Nf6 3. d6 cxd6 4. d4 g6 5. Nf3 Bg7 6. Be2 O-O 7. O-O b6 8. Bg5 Bb7 9. Nbd2 Nbd7 10. c3 h6 11.
Bf4 Re8 12. Bc4 e5 13. dxe5 dxe5 14. Bg3 Nh5 15. Qb3 Qe7 16. Nh4 Nc5 17. Nxg6 Qf6 18. Qc2 b5 19. Bh4 Qc6 20. Bxf7+ Kxf7 21. Qf5+ Kg8 22.
Nf3 Nf4 23. Nxf4 exf4 24. Qxf4 Nd3 25. Qg4 Kh8 26. Rad1 Ne5 27. Nxe5 Rxe5 28. f3 Qc5+ 29. Kh1 Rae8 30. Rd7 R5e7 31. Bxe7 Rxe7 32. Rd8+ Kh7 33. h4 Qe5 34. h5 Qf6 35. Rb8 Bc6 36. Rd1 Re2 37. a4 Qg5 38. Qxg5 hxg5 39. axb5 Be8 40. Rdd8 Bxh5 41. Rd7 1-0

[Event "*** Titled Tuesday Blitz"]
[Site "Chess.com"]
[Date "2020.05.12"]
[Round "4"]
[White "Witaliss"]
[Black "Xeniya2005"]
[Result "0-1"]
[WhiteElo "2425"]
[BlackElo "2268"]
[TimeControl "180+1"]
[EndTime "10:39:14 PDT"]
[Termination "Xeniya2005 won on time"]

1. d4 Nf6 2. c4 e6 3. Nf3 Bb4+ 4. Nbd2 O-O 5. a3 Bxd2+ 6. Qxd2 d5 7. b3 b6 8. g3 Ba6 9. Qc2 Nbd7 10. Bg2 c5 11. dxc5 Nxc5 12. b4 Nce4 13. cxd5 Rc8 14. Qb2 Nc3 15. Nd4 Nfxd5 16. b5 Bb7 17. O-O Qe7 18. Bd2 Na4 19. Qb3 Nc5 20. Qa2 Rfd8 21. Rfd1 Na4 22. Qb3 e5 23. Nc6 Bxc6 24. bxc6 Nc5 25. Qc4 e4 26. Bb4 Nxb4 27. axb4 Ne6 28. Bxe4 Rc7 29. Bd5 Rd6 30. b5 h6 31. Bxe6 Rxe6 32. e3 Re5 33. Rd5 Rxd5 34. Qxd5 Kh7 35. Rd1 g6 36. Qd6 Qxd6 37. Rxd6 Re7 38. Rd7 Re5 39. Rxf7+ Kg8 0-1

[Event "*** Titled Tuesday Blitz"]
[Site "Chess.com"]
[Date "2020.05.12"]
[Round "4"]
[White "Glidzhian_Gor"]
[Black "moro182"]
[Result "0-1"]
[WhiteElo "2471"]
[BlackElo "2667"]
[TimeControl "180+1"]
[EndTime "10:39:15 PDT"]
[Termination "moro182 won by resignation"]

1. e4 e5 2. Nf3 Nc6 3. Bb5 a6 4. Ba4 Nf6 5. d3 b5 6. Bb3 Bc5 7. O-O d6 8. h3 h6 9. c3 O-O 10.
Re1 Bb6 11. Nbd2 Ne7 12. Nf1 Ng6 13. Be3 c6 14. a4 Be6 15. axb5 Bxe3 16. Nxe3 axb5 17.
Bxe6 fxe6 18. Rxa8 Qxa8 19. Qb3 Qe8 20. d4 Nxe4 21.
dxe5 Rxf3 22. gxf3 Ng5 23. Qd1 d5 24. Ng2 Qf7 25. Re3 Nxh3+ 26. Kf1 Qf5 27. Qd3 Qh5 28. Qd4 Ng5 29. Qg4 Qh1+ 30. Ke2 Qb1 31. f4 Ne4 32.
Rxe4 Qxe4+ 33. Kd2 Kf7 34. f3 Qb1 35. Ne3 Qxb2+ 36. Nc2 Ne7 37. Qh5+ Kf8 38. Qh4 b4 39. cxb4 d4 40. f5 Qc3+ 41. Kd1 d3 42. Ne3 Qxe5 43. Kd2 Qxe3+ 44. Kxe3 Nxf5+ 0-1

[Event "*** Titled Tuesday Blitz"]
[Site "Chess.com"]
[Date "2020.05.12"]
[Round "4"]
[White "CaspiIsrael"]
[Black "Baronessa08"]
[Result "1-0"]
[WhiteElo "2641"]
[BlackElo "2462"]
[TimeControl "180+1"]
[EndTime "10:39:15 PDT"]
[Termination "CaspiIsrael won on time"]

1. e4 c5 2. Nf3 Nc6 3. d4 cxd4 4. Nxd4 e5 5. Nb5 d6 6. N1c3 a6 7. Na3 Be7 8. Nc4 b5 9. Ne3 Nf6 10. g3 O-O 11. Bg2 b4 12. Ncd5 Nxd5 13. Nxd5 Bg5 14. Bxg5 Qxg5 15. O-O Qd8 16. a3 Rb8 17. axb4 Nxb4 18.
Ne3 Nc6 19. b3 Nd4 20. Qd2 Bb7 21. Rfb1 Qc7 22. Ra2 Rbc8 23. Nc4 Rfd8 24. c3 Nb5 25. Rc1 Qc5 26. Na5 Qb6 27. Nxb7 Qxb7 28. Qd3 Rc7 29. Bh3 g6 30. b4 d5 31. exd5 Rxd5 32.
Qe3 e4 33. Bg2 Re5 34. c4 Nd6 35. c5 Nf5 36. Qc3 Ree7 37. Qc4 Qb8 38. Rxa6 h5 39. h4 Kh7 40. Bxe4 Nxg3 41. fxg3 Ra7 42. Rxa7 Qxg3+ 43. Bg2 Qe3+ 44. Kh1 Rxa7 45. Rf1 Qg3 46. Rxf7+ 1-0

[Event "*** Titled Tuesday Blitz"]
[Site "Chess.com"]
[Date "2020.05.12"]
[Round "4"]
[White "MFBerna"]
[Black "ZeZacarias"]
[Result "1-0"]
[WhiteElo "2385"]
[BlackElo "2056"]
[TimeControl "180+1"]
[EndTime "10:39:16 PDT"]
[Termination "MFBerna won on time"]

1. d4 Nf6 2. Nf3 e6 3. g3 c5 4. Bg2 cxd4 5. Nxd4 Nc6 6. c4 Be7 7. O-O a6 8. Nc3 O-O 9. b3 d5 10. cxd5 Nxd5 11. Nxd5 exd5 12. Bb2 Bf6 13. e3 Be6 14. Rc1 Rc8 15. Qd2 Qb6 16. Nxc6 bxc6 17. Bxf6 gxf6 18.
e4 Rfd8 19. Qh6 Qd4 20. Rfd1 Qe5 21. f4 Qb2 22. f5 Bd7 23. exd5 cxd5 24. Rxc8 Bxc8 25.
Bxd5 Rxd5 26. Rxd5 Qb1+ 27. Kf2 Qxa2+ 28. Rd2 Qa5 29. Qe3 Bxf5 30. Qd4 Be6 31. g4 Kg7 32.
g5 Qxg5 33. Rd3 Qf5+ 34. Rf3 Qc2+ 35. Kg1 Qb1+ 36. Kf2 Qc2+ 37. Ke1 Qc1+ 38. Ke2 Qc2+ 39. Qd2 Qe4+ 40. Kf2 Bg4 41. Rg3 Qf5+ 42. Ke3 Qe5+ 43. Kd3 1-0

[Event "*** Titled Tuesday Blitz"]
[Site "Chess.com"]
[Date "2020.05.12"]
[Round "4"]
[White "Flawless_Fighter"]
[Black "Biranidun"]
[Result "0-1"]
[WhiteElo "2475"]
[BlackElo "2677"]
[TimeControl "180+1"]
[EndTime "10:39:17 PDT"]
[Termination "Biranidun won on time"]

1. e4 c5 2. Nf3 d6 3. d4 cxd4 4. Nxd4 Nf6 5. Nc3 a6 6. Be3 e5 7. Nb3 Be6 8. f3 h5 9. Qd2 Nbd7 10. Nd5 Bxd5 11. exd5 g6 12. Be2 Bg7 13. O-O b6 14. c4 O-O 15. Rac1 Re8 16. Na1 e4 17.
f4 Ng4 18. Bxg4 hxg4 19. b4 a5 20. a3 axb4 21. axb4 Ra3 22. Nc2 Rd3 23. Qe2 f5 24. Rfd1 Rxd1+ 25. Rxd1 Qc7 26. Nd4 Rc8 27. Rc1 Qb7 28. Ne6 Bf6 29. Qf2 b5 30. Qa2 bxc4 31. Rxc4 Kf7 32. Rc6 Ke7 33. Qc4 Rb8 34. Rc7 Qxb4 35.
Qxb4 Rxb4 36. Kf2 Rb5 37. Ra7 Rxd5 38. Nc7 Rd3 39. Nb5 Ke6 40. Nc7+ Ke7 41. Nb5 Rb3 42. Rb7 Rb2+ 43. Kf1 d5 0-1

[Event "*** Titled Tuesday Blitz"]
[Site "Chess.com"]
[Date "2020.05.12"]
[Round "4"]
[White "umngqusho"]
[Black "BabyBoss31"]
[Result "0-1"]
[WhiteElo "2459"]
[BlackElo "2317"]
[TimeControl "180+1"]
[EndTime "10:39:17 PDT"]
[Termination "BabyBoss31 won on time"]

1. e4 e6 2. d4 d5 3. Nc3 Nf6 4.
e5 Nfd7 5. f4 c5 6. Nf3 Nc6 7.
Be3 a6 8. Qd2 b5 9. Nd1 Qb6 10.
c3 a5 11. Bd3 b4 12. O-O Ba6 13. f5 exf5 14. Nf2 g6 15. Bxa6 Rxa6 16. Nd3 Bg7 17. Nf4 O-O 18. Nxd5 Qb7 19. Nf4 Re8 20. Rae1 Nf8 21. Nd3 bxc3 22. bxc3 cxd4 23. cxd4 Raa8 24. Nc5 Qc7 25. Rc1 Rad8 26. Qf2 Qe7 27. Bg5 f6 28.
exf6 Bxf6 29. Rfe1 Qg7 30. Rxe8 Rxe8 31. Bxf6 Qxf6 32.
d5 Ne5 33. Nxe5 Qxe5 34. Rd1 Rd8 35. Qf3 Qd6 36. Qe3 Nd7 37. Ne6 Re8 38. Qd4 Qb6 39.
Qxb6 Nxb6 40. Nc7 Rd8 41. d6 Kf7 42. Nb5 Nc4 43. Rd4 Ne5 44. Rd5 Ke6 45. Rd2 Nf7 46. Re2+ Kf6 47. Re7 Nxd6 0-1

[Event "*** Titled Tuesday Blitz"]
[Site "Chess.com"]
[Date "2020.05.12"]
[Round "4"]
[White "MartinMatthiesen"]
[Black "Gerodot71"]
[Result "0-1"]
[WhiteElo "2403"]
[BlackElo "2380"]
[TimeControl "180+1"]
[EndTime "10:39:17 PDT"]
[Termination "Gerodot71 won on time"]

1. d4 Nf6 2. c4 e6 3. Nf3 d5 4.
Nc3 dxc4 5. e4 b5 6. e5 Nd5 7.
Nxb5 Nb6 8. Be2 Ba6 9. Nc3 Nc6 10. O-O Be7 11. Qd2 h6 12. Qf4 g5 13. Qg3 Qd7 14. Rd1 Bb7 15. Ne4 Qd5 16. Nf6+ Bxf6 17. exf6 O-O-O 18. Be3 Nd7 19. Nd2 Nxf6 20. Bxc4 Qd6 21.
Qf3 Nxd4 22. Qxf6 Nf5 23. Nf1 Qc6 24. f3 Qxc4 25. Qxf7 Nxe3 26. Nxe3 Qe2 27. Qxe6+ Kb8 28. Re1 Qd2 29. Rad1 Qb4 30. Qb3 Qc5 31. Qc3 Qb6 32.
b4 Rxd1 33. Rxd1 Re8 34. Rd4 Qe6 35. Nf1 Qxa2 36. Rd7 Rc8 37. Rh7 g4 38. Qd2 Qe6 39.
fxg4 Qxg4 40. Rxh6 Rg8 41. Ng3 Rf8 42. Qe1 Qf4 43.
h3 Qxh6 44. Kh2 Qd6 45. h4 Rg8 46. Kh3 Bc8+ 0-1

[Event "*** Titled Tuesday Blitz"]
[Site "Chess.com"]
[Date "2020.05.12"]
[Round "4"]
[White "LawrenceTrent"]
[Black "GMHess"]
[Result "1-0"]
[WhiteElo "2537"]
[BlackElo "2801"]
[TimeControl "180+1"]
[EndTime "10:39:18 PDT"]
[Termination "LawrenceTrent won on time"]

1. d4 g6 2. e4 Bg7 3. Nc3 a6 4. Be3 e6 5. h4 h6 6. f4 h5 7. Nf3 Nh6 8. Bd3 Ng4 9. Qe2 b5 10.
f5 gxf5 11. exf5 Nxe3 12. Qxe3 Nc6 13. O-O-O Nxd4 14. Be4 Nxf3 15. Qxf3 Rb8 16. fxe6 Qf6 17. exf7+ Kf8 18. Qxf6 Bxf6 19. Nd5 Be5 20. Rhe1 Bb7 21. Nxc7 Bxc7 22. Bxb7 Bg3 23. Re8+ Kxf7 24. Rxh8 Rxh8 25. Bxa6 d6 26. Bxb5 Ke7 27. Rd4 Rf8 28. Re4+ Be5 29. c3 Kd8 30. g4 Bf4+ 31. Kd1 hxg4 32. Ke2 g3 33. Kf3 Be5+ 34. Kg2 Rf2+ 35. Kg1 Rxb2 36.
a4 Bxc3 37. h5 d5 38. Rg4 Be5 39. h6 Rb1+ 40. Kg2 Rb2+ 41. Kf3 Rf2+ 42. Ke3 d4+ 43.
Ke4 g2 44. Kxe5 d3 45. Bxd3 1-0

[Event "*** Titled Tuesday Blitz"]
[Site "Chess.com"]
[Date "2020.05.12"]
[Round "4"]
[White "ahmadzada13"]
[Black "dragos420"]
[Result "0-1"]
[WhiteElo "2720"]
[BlackElo "2521"]
[TimeControl "180+1"]
[EndTime "10:39:18 PDT"]
[Termination "dragos420 won by checkmate"]

1. e4 e5 2. Nf3 Nc6 3. Bb5 g6 4. d4 exd4 5. Bg5 Be7 6. Bxe7 Qxe7 7. Bxc6 dxc6 8. Qxd4 Nf6 9. Nc3 O-O 10. O-O-O Be6 11. e5 Nd5 12. Ne4 Rfd8 13. Nf6+ Nxf6 14. exf6 Qf8 15. Qf4 Rd6 16. h4 Rad8 17. Rde1 h5 18. Ng5 Bf5 19. Qe5 Rd2 20. Re2 Rxe2 21. Qxe2 Re8 22.
Qc4 Be6 23. Qc3 Qd6 24. g3 Bd5 25. Rd1 Re5 26. f4 Re8 27. b3 Qa3+ 28. Kb1 Qf8 29. Kb2 b5 30. Qd4 a5 31. Rd2 a4 32. b4 a3+ 33. Kxa3 Ra8+ 34. Kb2 Rxa2+ 35. Kb1 Ra8 36. g4 hxg4 37. h5 gxh5 38. Rh2 Qh6 39. Qd3 g3 40. Rh3 g2 41. Rg3 Qg6 42. Ne6 g1=Q+ 43. Rxg1 Qxg1+ 44. Kb2 Qa1# 0-1

[Event "*** Titled Tuesday Blitz"]
[Site "Chess.com"]
[Date "2020.05.12"]
[Round "4"]
[White "pedroholly22"]
[Black "chessuriel"]
[Result "1-0"]
[WhiteElo "2457"]
[BlackElo "2165"]
[TimeControl "180+1"]
[EndTime "10:39:18 PDT"]
[Termination "pedroholly22 won on time"]

1. b4 e6 2. b5 Nf6 3. g3 Be7 4. Bg2 O-O 5. Nf3 c5 6. O-O d5 7. a4 Nbd7 8. a5 Ne4 9. d3 Bf6 10. Ra2 Nd6 11. e4 dxe4 12. dxe4 Nxe4 13. Qe2 Nc3 14.
Nxc3 Bxc3 15. Rd1 Qe7 16. Ng5 h6 17. Qd3 hxg5 18. Qxc3 Rb8 19. Qd2 f6 20. Re1 Ne5 21.
Qe2 Qc7 22. Bb2 Nf7 23. Be4 Bd7 24. Bxf6 Bxb5 25. Qxb5 gxf6 26. Qc4 Rbe8 27. Bg6 Ne5 28.
Qe4 Re7 29. Bh5 Rh7 30. Be2 Rg7 31. Bf1 g4 32. Bg2 b6 33. axb6 axb6 34. Rea1 Qd6 35. Ra8 Qd2 36. Rxf8+ Kxf8 37. Qa8+ Kf7 38. Be4 f5 39.
Ra7+ Kf6 40. Qf8+ Nf7 41. Qe7+ Kg6 42. Qxe6+ Kh5 43. Qxf5+ Kh6 44. Qf4+ Qxf4 45. gxf4 Nd6 46. Rxg7 Kxg7 47. Bd5 Kf6 48. Kg2 Kf5 49. Kg3 b5 50. f3 gxf3 51. Kxf3 Ne8 52. Bc6 Nd6 53. Bd7+ Kf6 54.
h4 b4 55. h5 1-0

[Event "*** Titled Tuesday Blitz"]
[Site "Chess.com"]
[Date "2020.05.12"]
[Round "4"]
[White "Vaathi_Coming"]
[Black "relaxx87"]
[Result "1-0"]
[WhiteElo "2862"]
[BlackElo "2678"]
[TimeControl "180+1"]
[EndTime "10:39:19 PDT"]
[Termination "Vaathi_Coming won by checkmate"]

1. e4 c5 2. Nf3 d6 3. Nc3 Nf6 4. d4 cxd4 5. Nxd4 a6 6. g3 e5 7. Nf3 Be7 8. Bg2 O-O 9. O-O b5 10. a4 b4 11. Nd5 a5 12. Be3 Ba6 13. Bb6 Qd7 14. Re1 Nxd5 15. exd5 Bb7 16. c4 bxc3 17.
bxc3 Rc8 18. Rb1 Rxc3 19. Qd2 Rc8 20. Bxa5 Na6 21. Bb6 Nc5 22. a5 Ba6 23. Re3 Qf5 24. Rbe1 Bf6 25. h4 Na4 26. Kh2 Rc2 27. Qd1 Rxf2 28. Qxa4 h5 29. Rc3 Rxg2+ 30. Kxg2 e4 31. Nd4 Qg4 32. Qd1 Qg6 33. Rce3 Bd3 34. Nc6 Qf5 35.
Rxd3 exd3 36. Qf3 Qd7 37. Rd1 Re8 38. Rxd3 Re1 39. Re3 Rb1 40. Re2 Ra1 41. Bd4 Bxd4 42. Nxd4 Rxa5 43. Nc6 Rc5 44. Ne7+ Kf8 45. Qxh5 f6 46.
Qh8+ Kf7 47. Qg8# 1-0

[Event "*** Titled Tuesday Blitz"]
[Site "Chess.com"]
[Date "2020.05.12"]
[Round "4"]
[White "Batica1984"]
[Black "Andrei_Belozerov"]
[Result "1-0"]
[WhiteElo "2807"]
[BlackElo "2597"]
[TimeControl "180+1"]
[EndTime "10:39:19 PDT"]
[Termination "Batica1984 won on time"]

1. e4 c5 2. Nf3 d6 3. d4 cxd4 4. Nxd4 Nf6 5. Nc3 a6 6. Bg5 e6 7.
Qf3 Be7 8. O-O-O Nbd7 9. g4 O-O 10. Rg1 Qc7 11. Be3 g6 12. g5 Nh5 13. Be2 b5 14. Qh3 Ng7 15. Rg4 Re8 16. Rh4 Nf8 17.
Bg4 b4 18. Nce2 e5 19. Nf5 Bxf5 20. exf5 Rac8 21. Rd2 gxf5 22. Bxf5 Nxf5 23. Qxf5 Ng6 24. Rxh7 Kxh7 25. Qxf7+ Kh8 26. Qxg6 Bf8 27. Ng3 d5 28.
Qh5+ Qh7 29. Qxh7+ Kxh7 30. Rxd5 Kg6 31. h4 Be7 32. h5+ Kf7 33. Rxe5 Bd6 34. Rf5+ Ke6 35. Rf6+ Kd5 36. Nf5 Be5 37. Rxa6 Ke4 38. Nd6+ Bxd6 39. Rxd6 Kf3 40. g6 Ke2 41. h6 Re4 42. g7 Rg4 43. b3 Re8 44. Kb2 Rg1 45. Rd2+ Kf3 46. Rd4 Re5 47. Rxb4 Rh5 48. Rf4+ Ke2 49. Rf8 Rhh1 50. g8=Q 1-0

[Event "*** Titled Tuesday Blitz"]
[Site "Chess.com"]
[Date "2020.05.12"]
[Round "4"]
[White "Poghosyan_Suren"]
[Black "PowerThinking2650"]
[Result "1-0"]
[WhiteElo "2496"]
[BlackElo "2280"]
[TimeControl "180+1"]
[EndTime "10:39:19 PDT"]
[Termination "Poghosyan_Suren won by resignation"]

1. d4 Nf6 2. Nf3 g6 3. Bg5 Bg7 4. Nbd2 d5 5. e3 O-O 6. c4 c5 7.
Be2 Nc6 8. O-O cxd4 9. exd4 Bf5 10. Rc1 Ne4 11. c5 Nxg5 12. Nxg5 Nxd4 13. Nb3 Nxe2+ 14.
Qxe2 Bh6 15. f4 f6 16. Ne6 Bxe6 17. Qxe6+ Kh8 18. Rcd1 Qc7 19. g3 Rad8 20. Rxd5 Rxd5 21. Qxd5 e5 22. fxe5 Qxe5 23. Qxe5 fxe5 24. Rxf8+ Bxf8 25.
Kg2 Kg7 26. Kf3 Kf6 27. Ke4 Ke6 28.
g4 Be7 29. Na5 Bxc5 30. Nxb7 Be7 31. Na5 Bd6 32. Nc4 Bc7 33. b4 h5 34. gxh5 gxh5 35. a4 a6 36. Ne3 Bd6 37. b5 axb5 38. axb5 Bb8 39. Nf5 Kf6 40. h4 Kg6 41. Ne3 Kf6 42. b6 Ke6 43. Nf5 Kf6 44. Ng3 Kg6 45. b7 Kh6 46.
Kf5 Bc7 47. Ne4 Bb8 48. Kf6 Bc7 49. Ng5 Bb8 50. Nf7+ Kh7 51. Nxe5 Kh6 52. Nd7 Ba7 53. b8=Q Bxb8 54. Nxb8 1-0

[Event "*** Titled Tuesday Blitz"]
[Site "Chess.com"]
[Date "2020.05.12"]
[Round "4"]
[White "mc4chess"]
[Black "CMS13"]
[Result "1-0"]
[WhiteElo "2414"]
[BlackElo "2180"]
[TimeControl "180+1"]
[EndTime "10:39:19 PDT"]
[Termination "mc4chess won by resignation"]

1. Nf3 d5 2. c4 e6 3. g3 Nf6 4. Bg2 Nc6 5. O-O Bd6 6. b3 O-O 7. Bb2 dxc4 8. bxc4 e5 9. d3 Re8 10.
Nfd2 Bg4 11. Nc3 a6 12. Rb1 Rb8 13. Nce4 Nxe4 14. Nxe4 f5 15. Nxd6 Qxd6 16. Re1 b6 17. Qa4 Nd4 18. Bxd4 exd4 19. h3 Bxe2 20. Bf3 b5 21. cxb5 Bxf3 22. Rxe8+ Rxe8 23. bxa6 Ra8 24. a7 Qd8 25. Qc4+ Kh8 26. Qc5 Bd5 27. a4 h6 28.
a5 Kh7 29. a6 f4 30. Rb8 Rxb8 31. axb8=Q Qxb8 32. Qxd5 Qb1+ 33. Kg2 Qxd3 34. a7 f3+ 35. Qxf3 Qa6 36. a8=Q Qxa8 37. Qxa8 d3 38. Qe4+ Kh8 39. Qxd3 c5 40. Qd8+ Kh7 41. Qd5 h5 42. Qe4+ Kh6 43. Qc4 g6 44. Qxc5 h4 45. Qe3+ g5 46. g4 Kg6 47. f4 gxf4 48. Qxf4 Kh7 49. Qf6 Kg8 50. Qe7 Kh8 51. Kf3 Kg8 52. Kf4 Kh8 53. Kf5 Kg8 54. Kg6 1-0

[Event "*** Titled Tuesday Blitz"]
[Site "Chess.com"]
[Date "2020.05.12"]
[Round "4"]
[White "Gordima"]
[Black "SCIM"]
[Result "1-0"]
[WhiteElo "2774"]
[BlackElo "2556"]
[TimeControl "180+1"]
[EndTime "10:39:20 PDT"]
[Termination "Gordima won on time"]

1. d4 Nf6 2. c4 g6 3. Nc3 d5 4. cxd5 Nxd5 5. e4 Nxc3 6. bxc3 Bg7 7. Nf3 c5 8. Be3 O-O 9. Rc1 Qa5 10. Qd2 Rd8 11. d5 e6 12. Bg5 f6 13. Be3 Nc6 14. Bd3 exd5 15. exd5 Ne7 16. c4 Qxd2+ 17. Nxd2 b6 18.
Bf4 Bd7 19. O-O Nf5 20. Rfe1 Re8 21. h3 Kf7 22. Ne4 Bf8 23. g4 Nd4 24. Kg2 Rad8 25. Bc7 Rc8 26. Nd6+ Bxd6 27. Bxd6 f5 28. g5 Ba4 29.
Re3 Rcd8 30. Bc7 Rc8 31. Bf4 b5 32. cxb5 Bxb5 33. Bxb5 Nxb5 34. Rb1 Rxe3 35. fxe3 Nc3 36. Rb7+ Kg8 37. d6 Nd5 38. Be5 Re8 39. Rg7+ Kf8 40.
d7 Rd8 41. Rxh7 Ne7 42. Rh8+ Ng8 43. Bd6+ Kf7 44. Rh7+ Ke6 45. Bxc5 Rxd7 46. Rxd7 Kxd7 47. Bxa7 Ne7 48. Bd4 Nc6 49. Kf3 Ke6 50. a4 Kd5 51. Bc3 Kc4 52. Bf6 Kb4 53. h4 Kxa4 54. h5 gxh5 55.
g6 1-0

[Event "*** Titled Tuesday Blitz"]
[Site "Chess.com"]
[Date "2020.05.12"]
[Round "4"]
[White "JorgeElias99"]
[Black "Kensei26"]
[Result "1/2-1/2"]
[WhiteElo "2411"]
[BlackElo "2222"]
[TimeControl "180+1"]
[EndTime "10:39:21 PDT"]
[Termination "Game drawn - insufficient material"]

1. e4 d6 2. d4 Nf6 3. Nc3 g6 4. f4 Bg7 5. Nf3 O-O 6. e5 Nfd7 7. Bc4 Nb6 8. Bb3 Nc6 9. h4 Bg4 10. h5 dxe5 11. hxg6 hxg6 12. fxe5 Bxf3 13. Qxf3 Qxd4 14. Be3 Qxe5 15. O-O-O Na5 16. Qh3 Nxb3+ 17. axb3 Rfd8 18. Rde1 Nd5 19. Qh7+ Kf8 20. Bh6 Bxh6+ 21. Qxh6+ Qg7 22. Nxd5 Qxh6+ 23. Rxh6 Kg7 24. Nxc7 Kxh6 25. Nxa8 Rxa8 26. Rxe7 f5 27. Rxb7 g5 28. c4 a5 29. Kc2 Kh5 30.
Kc3 Kg4 31. c5 f4 32. Kc4 Kg3 33. Rg7 g4 34. c6 a4 35. bxa4 Rxa4+ 36. Kd5 Ra1 37.
c7 Rc1 38. Kd6 Rc2 39. Kd7 Rd2+ 40. Ke8 Re2+ 41. Kd8 Rd2+ 42. Rd7 Rxd7+ 43. Kxd7 f3 44. c8=Q fxg2 45. Qc7+ Kf2 46. Qc1 g1=Q 47. Qxg1+ Kxg1 48.
b4 g3 49. b5 g2 50. b6 Kh1 51. b7 g1=Q 52. b8=Q Qg4+ 53. Kc7 Qf4+ 54. Kb7 Qxb8+ 55. Kxb8 1/2-1/2

[Event "*** Titled Tuesday Blitz"]
[Site "Chess.com"]
[Date "2020.05.12"]
[Round "4"]
[White "Opening_Prep"]
[Black "Fighter008"]
[Result "1-0"]
[WhiteElo "2359"]
[BlackElo "2520"]
[TimeControl "180+1"]
[EndTime "10:39:22 PDT"]
[Termination "Opening_Prep won by checkmate"]

1. d4 Nf6 2. Nc3 d5 3. Bf4 c6 4. e3 g6 5. h4 b5 6. Be2 h6 7. Nf3 Nbd7 8. Ne5 Bb7 9. a3 Bg7 10. g4 a6 11. Qd2 a5 12. f3 Nb6 13. Nd1 Nc4 14. Bxc4 dxc4 15. e4 O-O 16. Nf2 h5 17.
O-O-O b4 18. Nxc4 Ba6 19. Ne5 bxa3 20. b3 Qb6 21. g5 Rfd8 22. gxf6 exf6 23. Nxf7 Kxf7 24.
Be3 a4 25. b4 Bc4 26. c3 Qb5 27.
Rdg1 c5 28. Bh6 Qxb4 29. cxb4 cxd4 30. Rxg6 Bh8 31. Rhg1 a2 32. Rg7+ Ke6 33. Kb2 a3+ 34.
Ka1 d3 35. Nh3 Rac8 36. Nf4+ Kd6 37. Nxd3 Kc6 38. Qc3 Kb5 39. Nc5 f5 40. Rb7+ Kc6 41.
Rbg7 Kb5 42. Rb7+ Kc6 43. Bg7 Bxg7 44. Rbxg7 Rd6 45. Qxc4 Rcd8 46. Kxa2 Kb6 47. Na4# 1-0

[Event "*** Titled Tuesday Blitz"]
[Site "Chess.com"]
[Date "2020.05.12"]
[Round "4"]
[White "TheoSlade"]
[Black "Ranindu2003"]
[Result "0-1"]
[WhiteElo "2274"]
[BlackElo "2448"]
[TimeControl "180+1"]
[EndTime "10:39:22 PDT"]
[Termination "Ranindu2003 won by checkmate"]

1. d4 Nf6 2. c4 e6 3. g3 d5 4. Bg2 Be7 5. Nf3 O-O 6. O-O dxc4 7. Qc2 a6 8. a4 Nc6 9. Qxc4 Na5 10. Qc3 Nd5 11.
Qc2 Nb4 12. Qd1 c5 13. Nc3 cxd4 14. Nxd4 Bc5 15. Nf3 Qe7 16. e4 Rd8 17. Qe2 e5 18.
Be3 Bxe3 19. fxe3 Be6 20. Rfd1 Bc4 21. Qf2 Nd3 22. Qc2 Bb3 23. Qe2 Bxd1 24. Rxd1 Nb4 25. Nd5 Nxd5 26. exd5 Nb3 27. Qc4 Nc5 28. Nxe5 Qxe5 29.
Qxc5 Qxb2 30. d6 Rac8 31. Qf5 Qc3 32. Bd5 Qxe3+ 33. Kh1 Qe2 34. Bxf7+ Kh8 35. Rf1 Rc2 36. Qh3 Qe4+ 37. Kg1 Qd4+ 38. Kh1 Qxd6 39. Bb3 Qc6+ 40. Kg1 Rc3 41. Qf5 Qc5+ 42. Qxc5 Rxc5 43. Rf7 h6 44. Rxb7 Rc3 45. Bf7 Rc2 46. Ra7 Rd1# 0-1

[Event "*** Titled Tuesday Blitz"]
[Site "Chess.com"]
[Date "2020.05.12"]
[Round "4"]
[White "VALPARAISO37"]
[Black "FMOlexandrProhorov"]
[Result "0-1"]
[WhiteElo "2375"]
[BlackElo "2105"]
[TimeControl "180+1"]
[EndTime "10:39:22 PDT"]
[Termination "FMOlexandrProhorov won on time"]

1. d4 g6 2. e4 Bg7 3. c4 d6 4. Nc3 e5 5. d5 a5 6. Be3 Bh6 7.
Bxh6 Nxh6 8. Qd2 Ng8 9. h4 Nf6 10. f3 Na6 11. Qh6 Qe7 12. O-O-O Nc5 13. g4 Bd7 14.
Qe3 h6 15. Nge2 Kf8 16. Kb1 Kg7 17. Ng3 c6 18. Bd3 a4 19. Rdg1 Nh7 20. Bc2 a3 21. b3 b5 22. dxc6 Bxc6 23. cxb5 Bb7 24. b4 Ne6 25.
Nf5+ gxf5 26. gxf5+ Kf8 27. Qxh6+ Ke8 28. fxe6 Qxe6 29. Qe3 Rc8 30. Bb3 Qf6 31. Nd5 Bxd5 32. Bxd5 Ke7 33. b6 Nf8 34. b7 Rb8 35. Rg5 Ne6 36.
Rf5 Qh6 37. Qb6 Qd2 38. Rh2 Qxh2 39. Rxf7+ Kxf7 40. Qc7+ Kf6 41. Qc1 Rbg8 42. b8=Q Rxb8 43. Qxa3 Qg1+ 44. Kb2 Qd4+ 45. Kb3 Nc5+ 46. Kc2 Rxb4 47. Bb3 Qd3+ 48. Kb2 Rhb8 0-1